 Dungeon Crawl Stone Soup version 0.25.1-2-g60ff931df9 (webtiles) character file.

Game seed: 7743260388474195676

14658 Erymatos the Cleaver (level 11, -12/97 HPs)
             Began as a Minotaur Berserker on Nov 10, 2020.
             Was an Elder of Trog.
             Mangled by a skeletal warrior
             ... wielding a +0 dire flail
             ... led by a skeletal warrior
              (13 damage)
             ... while petrified by Jorgrun
             ... on level 13 of the Dungeon.
             The game lasted 00:35:23 (12339 turns).

Erymatos the Cleaver (Minotaur Berserker)          Turns: 12339, Time: 00:35:26

Health: -12/97     AC: 11    Str: 24    XL:     11   Next: 91%
Magic:  10/10      EV: -1    Int:  4    God:    Trog [****..]
Gold:   339        SH:  0    Dex: 11    Spells: 10/10 levels left

rFire    + . .     SeeInvis +   e - +4 hand axe (vorpal)
rCold    + . .     Gourm    .   o - +0 kite shield
rNeg     + + +     Faith    .   N - +2 scale mail {rC+}
rPois    ∞         Spirit   .   A - +0 hat of the Trout {-Tele rPois Regen+ Stlth+}
rElec    .         Reflect  .   P - +0 cloak
rCorr    .         Harm     .   (no gloves)
MR       .....     NoTele   +   (no boots)
Stlth    +.........             d - amulet of the acrobat
HPRegen  0.66/turn              l - ring of see invisible
MPRegen  0.12/turn              b - ring of protection from fire

@: petrified, grasped by roots, berserk cooldown, starving, slowed, constricted
A: retaliatory headbutt, horns 2
a: Berserk, Trog's Hand, Brothers in Arms, Renounce Religion


You were on level 13 of the Dungeon.
You worshipped Trog.
Trog was greatly pleased with you.
You were starving.

You visited 1 branch of the dungeon, and saw 13 of its levels.

You collected 702 gold pieces.
You spent 363 gold pieces at shops.

Inventory:

Hand Weapons
 e - a +4 vorpal hand axe (weapon)
Armour
 o - a +0 kite shield (worn)
 p - the +2 scale mail "Meytein" {Harm rF++ MP+9}
   (You bought it in a shop on level 8 of the Dungeon)

   It greatly protects you from fire.
   It affects your magic capacity (+9).
   It increases damage dealt and taken.
 A - the +0 hat of the Trout (worn) {-Tele rPois Regen+ Stlth+}
   (You found it on level 6 of the Dungeon)

   It protects you from poison.
   It prevents most forms of teleportation.
   It increases your rate of regeneration.
   It makes you more stealthy.
 F - the +3 leather armour of Ozip {rC+}
   (You found it on level 8 of the Dungeon)

   It protects you from cold.
 L - the -6 cloak of Dramatic Exits {rElec rPois rN+ Slay-5}
   (You found it on level 9 of the Dungeon)

   It affects your accuracy and damage with ranged weapons and melee attacks
   (-5).
   It insulates you from electricity.
   It protects you from poison.
   It protects you from negative energy.
 N - a +2 scale mail of cold resistance (worn)
 P - a +0 cloak (worn)
Jewellery
 b - a ring of protection from fire (right hand)
 d - an amulet of the acrobat (around neck)
 l - a ring of see invisible (left hand)
 O - an uncursed ring of positive energy
Wands
 a - a wand of paralysis (4)
 f - a wand of random effects (21)
 t - a wand of polymorph (16)
 w - a wand of flame (34)
 B - a wand of digging (8)
 I - a wand of clouds (2)
Scrolls
 i - 5 scrolls of immolation
 m - 7 scrolls of teleportation
 n - 3 scrolls of fog {unknown}
 r - 2 scrolls of magic mapping {unknown}
 s - 2 scrolls of remove curse
 v - 4 scrolls of amnesia {unknown}
 x - a scroll of enchant weapon {unknown}
 y - 4 scrolls of identify
 C - a scroll of acquirement {unknown}
 G - 2 scrolls of enchant armour {unknown}
 R - a scroll of noise {unknown}
Potions
 g - 3 potions of heal wounds
 h - 3 potions of stabbing
 j - 2 potions of haste {unknown}
 k - 2 potions of mutation {unknown}
 q - 5 potions of invisibility {unknown}
 u - a potion of degeneration {unknown}
 z - 2 potions of flight {unknown}
 D - 4 potions of curing {unknown}
 E - a potion of ambrosia {unknown}
 H - a potion of lignification {unknown}
 J - 2 potions of resistance {unknown}
 K - a potion of berserk rage {unknown}
 M - a potion of might {unknown}
 Q - a potion of magic {unknown}
Comestibles
 c - 16 rations


   Skills:
 + Level 9.0 Fighting
 * Level 14.6 Axes
 + Level 8.3 Armour
 + Level 6.6 Dodging
 - Level 1.8 Stealth
 * Level 11.4 Shields
 - Level 0.3 Unarmed Combat


You had 10 spell levels left.
You didn't know any spells.
Your spell library was empty.

Dungeon Overview and Level Annotations

Branches:
Dungeon (13/15)            Temple (0/1) D:7            Lair (0/6) D:11
    Orc (0/2) D:9
 Vaults: D:13-14

Altars:
Fedhas
Makhleb

Shops:
D:4 (   D:5 [   D:8 (%=[?   D:11 *   D:13 =

Portals:
Trove: D:13 (give +3 fire dragon scales)

Annotations:
D:13 Jorgrun


Innate Abilities, Weirdness & Mutations

You reflexively headbutt those who attack you in melee.
You have a pair of horns on your head.


Message History

You slash Jorgrun! You headbutt Jorgrun!
Jorgrun is severely wounded.
You hit the skeletal warrior but do no damage.
You hit the jelly.
Your hands burn!
* * * LOW HITPOINT WARNING * * *
The skeletal warrior hits you with a +0 dire flail!
* * * LOW HITPOINT WARNING * * *
Jorgrun hits you but does no damage.
* * * LOW HITPOINT WARNING * * *
The grasping roots constrict you!
You have turned to stone.
The jelly hits you but does no damage.
The skeletal warrior hits you with a +0 dire flail.
* * * LOW HITPOINT WARNING * * *
You are no longer berserk.
You feel yourself slow down.
Jorgrun hits you with a +0 vorpal quarterstaff!
* * * LOW HITPOINT WARNING * * *
x2 The grasping roots constrict you.
The jelly hits you but does no damage.
The skeletal warrior hits you with a +0 dire flail!!
You die...

.....## #.#
z......###.#####+##
..................#
..................#
..................##
.................... #
#########......∩.....
#.#....#....z†J.%......
#.#<..##.#...@g........
#......#.#....#..##....
#......'.#....##.# ...
#......###....# ..# ..
#......###....# .... .
#..#.∩........# #....
#..#.###.###.## #
#..#......†..# ##
#.#########


You could see Jorgrun, a skeletal warrior and a jelly.

Vanquished Creatures
  A two-headed ogre (D:12)
  An unseen horror (D:12)
  Pikel (D:5)
  A manticore (D:10)
  2 gargoyles (D:12)
  2 kobold demonologists (D:12)
  Prince Ribbit (D:5)
  3 trolls
  3 hippogriffs
  Sigmund (D:3)
  A spriggan (D:9)
  5 yaks
  3 wyverns (D:11)
  2 hungry ghosts
  The ghost of Quickbrownfox the Chiller, an amateur DsIE of Qazlal (D:4)
  Grum (D:8)
  A soldier ant (D:13)
  An acid dragon (D:12)
  5 orc warriors
  An ice beast (D:12)
  4 sky beasts
  2 eyes of draining
  A black bear (D:12)
  A phantom (D:8)
  7 ogres
  3 wolves (D:8)
  A crocodile (D:13)
  4 centaurs
  A big kobold (D:12)
  7 bullfrogs
  2 scorpions
  6 killer bees (D:11)
  10 wights
  6 howler monkeys
  A centaur zombie (D:7)
  4 crimson imps
  6 bullfrog zombies
  2 quasits
  8 hounds
  4 orc priests
  3 jellies
  12 orc wizards
  4 centaur skeletons
  4 iguanas
  Natasha (thrice) (D:3)
  10 worker ants
  2 killer bee zombies
  3 hound skeletons
  A howler monkey zombie (D:8)
  3 worker ant zombies
  16 adders
  2 shadow imps
  2 adder zombies (D:5)
  An adder skeleton (D:4)
  3 worms
  3 dart slugs
  8 leopard geckos
  65 orcs
  7 bats
  8 giant cockroaches
  3 goblins
  6 hobgoblins
  5 jackals
  8 kobolds
  5 quokkas
  A ball python (D:1)
  7 frilled lizards
  A jackal skeleton (D:5)
  A quokka skeleton (D:7)
  5 rats
319 creatures vanquished.

Vanquished Creatures (collateral kills)
  A hydra (D:11)
  A gargoyle (D:10)
  A wraith (D:10)
  5 yaks (D:10)
  2 wyverns (D:11)
  An acid dragon (D:11)
  A black bear (D:11)
  A phantom (D:11)
  2 bullfrogs
  2 howler monkeys (D:10)
  A crimson imp (D:11)
  A worker ant zombie (D:11)
  A quokka (D:11)
20 creatures vanquished.

Vanquished Creatures (others)
  A leopard gecko (D:5)
1 creature vanquished.

Grand Total: 340 creatures vanquished

Notes
Turn   | Place    | Note
-------+----------+-------------------------------------------
     0 | D:1      | Erymatos the Minotaur Berserker began the quest for the
                  | Orb.
     0 | D:1      | Reached XP level 1. HP: 19/19 MP: 0/0
    74 | D:1      | Reached skill level 4 in Axes
    74 | D:1      | Reached XP level 2. HP: 27/27 MP: 1/1
   362 | D:1      | Reached ** piety under Trog
   397 | D:1      | Reached XP level 3. HP: 34/34 MP: 2/2
  1624 | D:2      | Reached XP level 4. HP: 41/41 MP: 3/3
  1821 | D:2      | Reached skill level 5 in Fighting
  1961 | D:3      | Noticed Natasha
  2250 | D:3      | Killed Natasha
  2250 | D:3      | Reached skill level 5 in Axes
  2261 | D:3      | Noticed Sigmund
  2286 | D:3      | Killed Sigmund
  2286 | D:3      | Reached skill level 1 in Shields
  2286 | D:3      | Reached XP level 5. HP: 49/49 MP: 4/4
  2286 | D:3      | Reached XP level 6. HP: 56/56 MP: 5/5
  2332 | D:3      | Noticed Natasha
  2340 | D:3      | Killed Natasha
  2340 | D:3      | Reached skill level 6 in Axes
  2340 | D:3      | Reached skill level 1 in Stealth
  2560 | D:3      | Noticed Natasha
  2568 | D:3      | Killed Natasha
  2738 | D:3      | Reached *** piety under Trog
  3030 | D:4      | Found a burning altar of Makhleb.
  3604 | D:4      | Reached XP level 7. HP: 56/62 MP: 6/6
  3664 | D:4      | Found Coiwil's Antique Weapon Boutique.
  4098 | D:4      | Found a runed translucent gate.
  4099 | D:4      | Found a runed translucent gate.
  4100 | D:4      | Found a runed translucent gate.
  4101 | D:4      | Noticed Quickbrownfox's ghost (amateur DsIE)
  4266 | D:4      | Killed Quickbrownfox's ghost
  4266 | D:4      | Reached skill level 7 in Axes
  4338 | D:4      | Bought a glowing hand axe for 138 gold pieces
  4352 | D:5      | Entered Level 5 of the Dungeon
  4366 | D:5      | Noticed Pikel
  4370 | D:5      | Paralysed by Pikel for 3 turns
  4377 | D:5      | Killed Pikel
  4377 | D:5      | Reached skill level 5 in Armour
  4377 | D:5      | Reached XP level 8. HP: 57/70 MP: 7/7
  4504 | D:5      | Reached skill level 8 in Axes
  4877 | D:5      | Found Kousum's Antique Armour Boutique.
  5013 | D:5      | Noticed Prince Ribbit
  5026 | D:5      | Killed Prince Ribbit
  5213 | D:6      | Reached skill level 5 in Shields
  5258 | D:6      | Reached skill level 9 in Axes
  5265 | D:6      | Reached **** piety under Trog
  5580 | D:6      | Reached XP level 9. HP: 72/78 MP: 8/8
  5632 | D:6      | Got a slimy hat
  5638 | D:6      | Identified the +0 hat of the Trout {-Tele rPois Regen+
                  | Stlth+} (You found it on level 6 of the Dungeon)
  6013 | D:6      | Reached skill level 10 in Axes
  6459 | D:7      | Found a staircase to the Ecumenical Temple.
  6667 | D:7      | Reached skill level 11 in Axes
  6944 | D:8      | Reached ***** piety under Trog
  7019 | D:8      | Found Ceeg's Antique Armour Shoppe.
  7020 | D:8      | Noticed Grum
  7036 | D:8      | Killed Grum
  7153 | D:8      | Got a fine leather armour
  7164 | D:8      | Identified the +3 leather armour of Ozip {rC+} (You found
                  | it on level 8 of the Dungeon)
  7324 | D:8      | Reached XP level 10. HP: 84/86 MP: 9/9
  7362 | D:8      | Found Caed's Jewellery Shoppe.
  7442 | D:8      | Found Fepueme's Weapon Boutique.
  7572 | D:8      | Found Zienonna's Magic Scroll Boutique.
  7654 | D:8      | Found Megokh's Food Shop.
  7703 | D:8      | Reached skill level 5 in Dodging
  7871 | D:9      | Found a staircase to the Orcish Mines.
  7946 | D:9      | Reached skill level 12 in Axes
  8153 | D:9      | Got a crude cloak
  8159 | D:9      | Identified the cursed -6 cloak of Dramatic Exits {rElec
                  | rPois rN+ Slay-5} (You found it on level 9 of the Dungeon)
  8758 | D:10     | Entered Level 10 of the Dungeon
  8758 | D:10     | Noticed a gargoyle
  8788 | D:10     | Killed a gargoyle
  8867 | D:10     | Found a blossoming altar of Fedhas.
  8868 | D:10     | Noticed a manticore
  8876 | D:10     | Killed a manticore
  9102 | D:10     | Reached skill level 13 in Axes
  9105 | D:10     | Received a gift from Trog
  9183 | D:10     | You fall into a shaft and drop 1 floor!
  9183 | D:11     | Noticed an eight-headed hydra
  9191 | D:11     | Killed a nine-headed hydra
  9330 | D:11     | Reached XP level 11. HP: 81/94 MP: 10/10
  9713 | D:11     | Found Apa Xaed's General Store.
 10023 | D:11     | Found a staircase to the Lair.
 10351 | D:8      | Bought a translucent scale mail for 225 gold pieces
 10361 | D:8      | Identified the +2 scale mail "Meytein" {Harm rF++ MP+9}
                  | (You bought it in a shop on level 8 of the Dungeon)
 10564 | D:10     | Reached skill level 10 in Shields
 10850 | D:12     | Reached skill level 14 in Axes
 11300 | D:12     | Noticed an unseen horror
 11305 | D:12     | Killed an unseen horror
 11361 | D:12     | Noticed a two-headed ogre
 11370 | D:12     | Killed a two-headed ogre
 12185 | D:13     | Found Qehokoa's Jewellery Emporium.
 12306 | D:13     | Found a portal to a secret trove of treasure.
 12307 | D:13     | Noticed a skeletal warrior
 12308 | D:13     | Noticed a skeletal warrior
 12312 | D:13     | Noticed Jorgrun
 12339 | D:13     | HP: 2/97 [Jorgrun/+0 vorpal quarterstaff (5)]
 12339 | D:13     | Mangled by a skeletal warrior

Illustrated notes

Levels and vault maps discovered:
D:1:      heliophobic_arrival_henge, layout_basic
D:2:      layout_basic, chequers_serial_rivers_micro_d
D:3:      layout_loops_ring, uniq_sigmund, uniq_natasha
D:4:      layout_cave_pods, makhleb_blood_cavern_becter, serial_shops,
          nicolae_shop_window_shopping, ebering_ghost_rock_garden
D:5:      layout_rooms, serial_shops, shop, first_ration, uniq_pikel,
          uniq_prince_ribbit1
D:6:      layout_basic
D:7:      layout_basic, temple_statues
D:8:      layout_basic, serial_shops, nicolae_shop_statue_plus, kennysheep_mini,
          shop, shop, kennysheep_little_box, uniq_grum
D:9:      layout_basic, orc_0_dummy, grunt_pizzeria
D:10:     layout_long_grid, special_room [special_room_orc], fedhas_altar_1
D:11:     layout_rooms, erik_lair_dragon, serial_shops,
          nicolae_shop_behind_doors
D:12:     layout_long_grid, grunt_ministairs_11
D:13:     layout_basic, enter_trove_0, serial_shops, shop,
          minmay_protected_statue, uniq_snorg, uniq_jorgrun, uniq_nessos

Skill      XL: |  1  2  3  4  5  6  7  8  9 10 11 |
---------------+----------------------------------+-----
Axes           | 4 5 6 7 9 11 13 14 | 14.6
Fighting       | 4 5 6 7 8 9 |  9.0
Armour         | 3 5 6 7 8 |  8.3
Shields        | 1 2 4 5 7 9 11 | 11.4
Stealth        | 1 |  1.8
Dodging        | 3 4 6 |  6.6
Unarmed Combat | |  0.3

Action                   |  1- 3 |  4- 6 |  7- 9 | 10-12 || total
-------------------------+-------+-------+-------+-------++-------
Melee: Hand axe          |    54 |    87 |   277 |   483 ||   901
       Headbutt          |     9 |    12 |    54 |   106 ||   181
       Unarmed           |       |     7 |       |       ||     7
Invok: Berserk           |       |     3 |     5 |     4 ||    12
       Trog's Hand       |       |       |     1 |     5 ||     6
       Brothers in Arms  |       |       |       |     6 ||     6
  Use: Scroll            |       |     3 |     4 |     1 ||     8
 Stab: Sleeping          |       |       |       |     2 ||     2
  Eat: Chunk             |     2 |     5 |    14 |    20 ||    41
       Ration            |       |     1 |     1 |     1 ||     3
Armor: Animal skin       |     6 |     1 |       |       ||     7
       Ring mail         |       |    18 |    47 |       ||    65
       Leather armour    |       |       |     3 |    22 ||    25
       Scale mail        |       |       |       |    35 ||    35
Dodge: Dodged            |    55 |    34 |   110 |   160 ||   359
Block: Kite shield       |       |    38 |   111 |   202 ||   351
